 Dungeon Crawl Stone Soup version 0.26.1 (webtiles) character file.

Game seed: 6571995026963109221

31 rel the Cutter (level 3, 0/23 HPs)
             Began as a Kobold Berserker on Feb 6, 2021.
             Was a Follower of Trog.
             Succumbed to an adder's poison
             ... on level 2 of the Dungeon.
             The game lasted 00:02:38 (1580 turns).

rel the Cutter (Kobold Berserker)                   Turns: 1580, Time: 00:02:39

Health: 0/23       AC:  3    Str: 15    XL:     3   Next: 40%
Magic:  3/3        EV: 15    Int:  8    God:    Trog [*.....]
Gold:   57         SH:  0    Dex: 14    Spells: 2/2 levels left

rFire    . . .     SeeInvis .   a - +0 short sword
rCold    . . .     Faith    .   (shield restricted)
rNeg     . . .     Spirit   .   b - +0 animal skin
rPois    .         Reflect  .   h - +0 helmet
rElec    .         Harm     .   (no cloak)
rCorr    .         Rampage  .   (no gloves)
Will     .....                  (no boots)
Stlth    ++........             (no amulet)
HPRegen  0.07/turn              (no ring)
MPRegen  0.08/turn              (no ring)

@: lethally poisoned (0 -> -5), berserk cooldown, slowed, very slow
A: small, nightstalker 3
a: Renounce Religion, Berserk


You were on level 2 of the Dungeon.
You worshipped Trog.
Trog was aware of your devotion.
You visited 1 branch of the dungeon, and saw 2 of its levels.

You collected 57 gold pieces.

Inventory:

Hand Weapons
 a - a +0 short sword (weapon)
Armour
 b - a +0 animal skin (worn)
 e - a +1 pair of gloves
 h - a +0 helmet (worn)
Scrolls
 c - a scroll of immolation
 g - 2 scrolls of teleportation {unknown}
 i - a scroll of fog {unknown}
Potions
 d - 3 potions of haste {unknown}
 f - a potion of attraction {unknown}


   Skills:
 * Level 3.6 Fighting
 * Level 4.9 Short Blades
 - Level 1.5 Armour
 * Level 3.0 Dodging
 + Level 0.6 Stealth


You had 2 spell levels left.
You didn't know any spells.
Your spell library was empty.

Dungeon Overview and Level Annotations

Branches:
Dungeon (2/15)

Altars:


Innate Abilities, Weirdness & Mutations

You are small and have problems with some larger weapons.
You are completely attuned to the shadows.


Message History

There is a lethal amount of poison in your body!
There is a lethal amount of poison in your body!
There is a lethal amount of poison in your body!
There is a lethal amount of poison in your body!
There is a lethal amount of poison in your body!
There is a lethal amount of poison in your body!
You are too berserk!
There is a lethal amount of poison in your body!
There is a lethal amount of poison in your body!
There is a lethal amount of poison in your body!
There is a lethal amount of poison in your body!
You feel your anger nearly subside.
You are no longer berserk.
You are exhausted.
You feel yourself slow down.
There is a lethal amount of poison in your body!
There is a lethal amount of poison in your body!
There is a lethal amount of poison in your body!
There is a lethal amount of poison in your body!
There is a lethal amount of poison in your body!
You die...

#.# ##†###
#....# #....#
#....#..###
#....#....#...
#............<
#.............
#.....@.†.....
#......††.....
#....#...)..(.
#######...##..
##### #


There were no monsters in sight!

Vanquished Creatures
  An adder (D:2)
  4 giant cockroaches
  2 goblins (D:1)
  3 hobgoblins
  5 bats
  4 kobolds
  2 rats
21 creatures vanquished.

Notes
Turn   | Place    | Note
-------+----------+-------------------------------------------
     0 | D:1      | rel the Kobold Berserker began the quest for the Orb.
     0 | D:1      | Reached XP level 1. HP: 14/14 MP: 1/1
   399 | D:1      | Reached XP level 2. HP: 13/19 MP: 2/2
  1570 | D:2      | Reached XP level 3. HP: 2/23 MP: 3/3
  1570 | D:2      | HP: 1/34 [poisoned by an adder]
  1575 | D:2      | HP: 1/34 [poisoned by an adder]
  1580 | D:2      | Succumbed to an adder's poison

Illustrated notes

Levels and vault maps discovered:
D:1:      amcnicky_arrival_feature_with_door, layout_loops_ring, hex_medium,
          roderic_serpentine_path, minmay_distorted
D:2:      minmay_chambers_of_ones, layout_rooms, amethyst_killhole,
          uniq_jessica, uniq_robin

Skill      XL: |  1  2  3 |
---------------+----------+-----
Dodging        | 3 |  3.0
Fighting       | |  3.6
Short Blades   | |  4.9
Armour         | |  1.5
Stealth        | |  0.6

Action                   || total
-------------------------++-------
Melee: Short sword       ||    69
Invok: Berserk           ||     1
  Use: Scroll            ||     1
 Stab: Sleeping          ||     5
Armor: Animal skin       ||    19
Dodge: Dodged            ||    65
